 Dungeon Crawl Stone Soup version 0.30-a0-424-g7412bad402 (webtiles) character file.

Game seed: 17236253304709682996

51038 Armakuni the Eclecticist (level 14, -5/78 HPs)
             Began as a Deep Elf Conjurer on Dec 9, 2022.
             Was a High Priest of Vehumet.
             Slain by a death yak (7 damage)
             ... led by a torpor snail
             ... on level 5 of the Lair of Beasts.
             The game lasted 01:02:43 (20122 turns).

Armakuni the Eclecticist (Deep Elf Conjurer)       Turns: 20122, Time: 01:02:44

Health: -5/78      AC: 15    Str:  8    XL:     14   Next: 21%
Magic:  46/47      EV:  9    Int: 37    God:    Vehumet [*****.]
Gold:   1364       SH:  0    Dex: 13    Spells: 9/49 levels left

rFire   . . .      SeeInvis .    a - staff of air
rCold   + . .      Faith    .    c - orb {light}
rNeg    . . .      Spirit   .    E - +1 scale mail {rF+}
rPois   +          Reflect  .    H - +2 helmet {Int+3}
rElec   +          Harm     .    C - scarf {shadows}
rCorr   .          Rampage  .    V - +0 pair of gloves
Will    +....                    D - +0 pair of boots
Stlth   +.........               A - amulet of the acrobat
HPRegen 0.33/turn                W - ring of willpower
MPRegen 0.30/turn                J - ring "Rokuwn" {Ice rPois Will- MP+9 Int+9}

@: glowing
A: no striking features
a: Renounce Religion


You were on level 5 of the Lair of Beasts.
You worshipped Vehumet.
Vehumet was extremely pleased with you.
You visited 3 branches of the dungeon, and saw 18 of its levels.
You also visited: Ice Cave and Volcano.

You collected 1364 gold pieces.

Inventory:

Hand Weapons
 b - the +7 sling of the Usurping Gods {freeze, rPois rC+ Will+}
   (You found it on level 3 of the Dungeon)

   Any ammunition fired from it freezes those it strikes, dealing additional
   cold damage.
   It can also slow down cold-blooded creatures.
   rC:        It protects you from cold.
   rPois:     It protects you from poison.
   Will:      It increases your willpower.
Missiles
 y - 2 throwing nets
Armour
 c - an orb of light (worn)
 C - a scarf of shadows (worn)
 D - a +0 pair of boots (worn)
 E - a +1 scale mail of fire resistance (worn)
 H - a +2 helmet of intelligence (worn)
 Q - +0 pearl dragon scales
 V - a +0 pair of gloves (worn)
Magical Staves
 a - a staff of air (weapon)
Jewellery
 A - an amulet of the acrobat (around neck)
 F - a ring of wizardry
 J - the ring "Rokuwn" (right hand) {Ice rPois Will- MP+9 Int+9}
   (You acquired it on level 3 of the Lair of Beasts)

   [ring of ice]

   It enhances your ice magic.
   Int:       It affects your intelligence (+9).
   rF:        It makes you vulnerable to fire.
   rC:        It protects you from cold.
   rPois:     It protects you from poison.
   MP:        It affects your magic capacity (+9).
   Will:      It decreases your willpower.
 L - a ring of flight
 R - an amulet of regeneration
 W - a ring of willpower (left hand)
Wands
 k - a wand of digging (5)
 l - a wand of light (1)
 v - a wand of flame (18)
 w - a wand of polymorph (10)
Scrolls
 h - 2 scrolls of amnesia
 j - 7 scrolls of teleportation
 n - a scroll of blinking
 q - 3 scrolls of magic mapping
 u - 2 scrolls of summoning
 z - 4 scrolls of noise
 B - 3 scrolls of immolation
 I - 3 scrolls of vulnerability
 K - a scroll of poison
 N - 3 scrolls of fog
 O - 2 scrolls of enchant weapon
 P - a scroll of identify
 U - 2 scrolls of silence
Potions
 d - 3 potions of magic
 e - 6 potions of curing
 f - 3 potions of invisibility
 g - 2 potions of flight
 i - a potion of berserk rage
 m - a potion of cancellation
 o - 2 potions of might
 r - 3 potions of lignification
 s - 4 potions of heal wounds
 x - 3 potions of mutation
 G - 6 potions of haste
 M - a potion of brilliance {unknown}
 T - a potion of ambrosia
Miscellaneous
 p - a box of beasts
 t - a tin of tremorstones (2/2)


   Skills:
 - Level 5.0 Fighting
 - Level 8.9 Armour
 - Level 2.4 Dodging
 - Level 2.4 Stealth
 + Level 18.2 Spellcasting
 - Level 18.0 Conjurations
 - Level 6.9 Translocations
 - Level 6.8 Transmutations
 - Level 6.3 Air Magic


You had 9 spell levels left.
You knew the following spells:

 Your Spells              Type           Power      Damage    Failure   Level
c - Freezing Cloud        Conj/Ice/Air   59%        6-21      1%          5
h - Swiftness             Air            88%        N/A       1%          3
i - Irradiate             Conj/Tmut      45%        3d26      1%          5
j - Arcjolt               Conj/Air       55%        1d65      1%          5
l - Conjure Ball Lightni  Conj/Air       55%        3x3d20    1%          6
m - Iskenderun's Mystic   Conj/Tloc      90%        2d18      1%          4
s - Spellforged Servitor  Conj/Summ      39%        N/A       32%         7
w - Passwall              Tmut/Erth      46%        N/A       2%          2
z - Stone Arrow           Conj/Erth      100%       3d13      1%          3

Your spell library contained the following spells:

 Spells                   Type           Power      Damage    Failure   Level
 Magic Dart               Conj           100%       1d8       0%          1
 Searing Ray              Conj           100%       2d8       0%          2
 Sting                    Tmut/Pois      100%       1d8       1%          1
 Poisonous Vapours        Pois/Air       100%       N/A       1%          2
 Dazzling Flash           Conj/Hex       100%       N/A       1%          3
 Mephitic Cloud           Conj/Pois/Air  96%        N/A       1%          3
 Fulminant Prism          Conj/Hex       39%        3d17      1%          4
 Passage of Golubria      Tloc           71%        N/A       3%          4
 Spider Form              Tmut/Pois      56%        N/A       4%          3
 Starburst                Conj/Fire      39%        6d11      7%          6
 Ensorcelled Hibernation  Hex/Ice        100%       N/A       10%         2
 Sublimation of Blood     Necr           33%        N/A       10%         2
 Yara's Violent Unravell  Hex/Tmut       28%        3d12      11%         5
 Olgreb's Toxic Radiance  Pois           33%        N/A       16%         4
 Petrify                  Tmut/Erth      56%        N/A       16%         4
 Tukima's Dance           Hex            33%        N/A       19%         3
 Silence                  Hex/Air        35%        N/A       43%         5
 Anguish                  Hex/Necr       16%        N/A       52%         4
 Cause Fear               Hex            16%        N/A       52%         4
 Agony                    Necr           33%        N/A       86%         5
 Dragon Form              Tmut           35%        N/A       97%         7
 Simulacrum               Ice/Necr       25%        N/A       100%        6
 Dragon's Call            Summ           16%        N/A       100%        9
 Polar Vortex             Ice            25%        N/A       100%        9


Dungeon Overview and Level Annotations

Branches:
Dungeon (12/15)            Temple (1/1) D:4            Lair (5/5) D:9
 Shoals (0/4) Lair:2        Snake (0/4) Lair:2        Slime (0/5) Lair:5
    Orc (0/2) D:11          IceCv (visited)         Volcano (visited)

Altars:
Ashenzari
Cheibriados
Dithmenos
Elyvilon
Fedhas
Gozag
Hepliaklqana
Kikubaaqudgha
Makhleb
Nemelex Xobeh
Okawaru
Qazlal
Ru
Sif Muna
Trog
Uskayaw
Vehumet
Wu Jian
Xom
Yredelemnul
Zin
The Shining One
Jiyva

Annotations:
D:3 2 transporters, Jaakounette's ghost, amateur SpBr
D:10 1 runed translucent door, Garuub's ghost, journeyman GrEE


Message History

Vehumet accepts your kill.
You feel your power returning.
The blast of lightning engulfs your ball lightning.
Your ball lightning completely resists.
The blast of lightning engulfs you! You resist.
* * * LOW HITPOINT WARNING * * *
Your ball lightning explodes!
The blast of lightning engulfs the death yak!!
The death yak is heavily wounded.
The blast of lightning engulfs the slime creature!!!
The slime creature is almost dead.
The blast of lightning engulfs the torpor snail!!!
You kill the torpor snail!
Vehumet accepts your kill.
You feel your power returning.
The blast of lightning engulfs the death yak!
The death yak is severely wounded.
The blast of lightning engulfs the slime creature!!!
You kill the slime creature!
Vehumet accepts your kill.
You feel your power returning. The blast of lightning engulfs you! You resist.
* * * LOW HITPOINT WARNING * * *
You hear a bellow!
The death yak attacks as you move away! The death yak misses you.
You feel yourself speed up. The death yak completely misses you.
The death yak gores you.
* * * LOW HITPOINT WARNING * * *
Casting: Conjure Ball Lightning (dangerous; 1% risk of failure)
Confirm with . or Enter, or press ? or * to list all spells.
You erupt in a blast of force!
The mystic blast hits the slime creature!
You kill the slime creature!
Vehumet accepts your kill.
You feel your power returning.
The mystic blast hits the death yak.
The death yak is heavily wounded.
The mystic blast hits the death yak!!
The death yak is almost dead.
The death yak is knocked back by the mystic blast.
The death yak gores you!
You die...

........# .. ........# ...
##.......## #...
#.........# ....##........#
....Y.........##
..>..†.........#
.._....Y......#
....###@......##### ...
#...........## #.
#............# .
.............##
..............###
................###
##.....................##
........ ..............#..
##.......#................#


You could see 2 death yaks.

Vanquished Creatures
  Nessos (D:12)
  Erolcha (D:12)
  A hydra (Lair:5)
  A catoblepas (Lair:1)
  5 two-headed ogres
  Urug (D:10)
  A sun demon (Volcano)
  4 skeletal warriors (D:12)
  2 bog bodies (IceCv)
  2 lindwurms
  A deep elf pyromancer (D:12)
  An orc sorcerer (Volcano)
  3 cyclopes
  9 elephants (Lair:3)
  11 black mambas
  Joseph (D:10)
  An ice statue (IceCv)
  A torpor snail (Lair:5)
  Psyche (D:10)
  3 rime drakes
  3 gargoyles
  15 cane toads
  A kobold demonologist (D:12)
  2 anaconda simulacra (IceCv)
  A freezing wraith (IceCv)
  13 komodo dragons
  An ice devil (IceCv)
  A tengu conjurer (D:11)
  3 trolls
  4 red devils (Volcano)
  A polar bear (Lair:5)
  Prince Ribbit (D:6)
  A hornet (D:11)
  4 slime creatures (Lair:5)
  A snapping turtle (Lair:2)
  12 blink frogs
  A dire elephant simulacrum (IceCv)
  3 wyverns
  A shadow (D:12)
  16 yaks
  2 wraiths (D:11)
  A basilisk (Lair:1)
  6 fire bats (Volcano)
  2 death yak simulacra (IceCv)
  4 vampire mosquitoes (D:11)
  2 wargs (D:11)
  Menkaure (D:4)
  A hell hound (Volcano)
  An acid dragon (D:9)
  A hydra simulacrum (IceCv)
  21 water moccasins
  Duvessa (D:6)
  5 orc warriors
  11 wolves (Lair:3)
  An ogre (D:5)
  4 centaurs
  2 kobold brigands
  12 bullfrogs
  6 two-headed ogre simulacra (IceCv)
  A gnoll sergeant (D:12)
  A scorpion (D:6)
  A cane toad simulacrum (IceCv)
  2 necrophages
  10 wights
  Dowan (D:6)
  14 killer bees
  2 elephant simulacra (IceCv)
  9 howler monkeys
  7 lava snakes (Volcano)
  5 hounds
  7 orc priests
  A gnoll bouda (D:6)
  2 jellies
  Jessica (D:2)
  An iguana (D:5)
  10 orc wizards
  4 troll simulacra (IceCv)
  7 hell rats (Lair:4)
  5 spriggan simulacra (IceCv)
  A polar bear simulacrum (IceCv)
  A wolf simulacrum (IceCv)
  Robin (D:4)
  25 gnolls
  10 adders
  7 naga simulacra (IceCv)
  3 shadow imps
  22 white imps
  4 ufetubi (IceCv)
  4 dart slugs
  47 orcs
  9 bats
  10 endoplasms
  4 giant cockroaches
  16 goblins
  11 hobgoblins
  3 jackals (D:1)
  22 kobolds
  6 quokkas
  8 ball pythons
  8 frilled lizards
  6 rats
539 creatures vanquished.

Vanquished Creatures (others)
  2 yaks (D:12)
  An orc wizard (D:4)
  8 ball lightnings
  18 fungi
  53 plants
82 creatures vanquished.

Grand Total: 621 creatures vanquished

Notes
Turn   | Place    | Note
-------+----------+-------------------------------------------
     0 | D:1      | Armakuni the Deep Elf Conjurer began the quest for the Orb.
     0 | D:1      | Reached XP level 1. HP: 10/10 MP: 6/6
   603 | D:1      | Reached XP level 2. HP: 15/15 MP: 3/8
  1058 | D:1      | Reached skill level 5 in Conjurations
  1058 | D:1      | Reached XP level 3. HP: 19/19 MP: 5/10
  1347 | D:1      | Learned a level 2 spell: Searing Ray
  1472 | D:2      | Reached XP level 4. HP: 16/24 MP: 1/12
  1679 | D:2      | Learned a level 4 spell: Iskenderun's Mystic Blast
  1684 | D:2      | Learned a level 4 spell: Fulminant Prism
  1927 | D:2      | Reached skill level 5 in Spellcasting
  2212 | D:2      | Noticed Jessica
  2220 | D:2      | Killed Jessica
  2221 | D:2      | Reached XP level 5. HP: 28/28 MP: 8/14
  2398 | D:3      | Identified the +7 sling of the Usurping Gods {freeze, rPois
                  | rC+ Will+}
  2483 | D:3      | Found a transporter.
  2483 | D:3      | Noticed Jaakounette's ghost (amateur SpBr)
  2543 | D:3      | Found a transporter.
  3472 | D:4      | Reached XP level 6. HP: 32/32 MP: 17/17
  3491 | D:4      | Found a staircase to the Ecumenical Temple.
  3499 | Temple   | Entered the Ecumenical Temple
  3549 | Temple   | Became a worshipper of Vehumet
  3776 | D:4      | Found a shimmering blue altar of Sif Muna.
  3834 | D:4      | Got Sif Muna's Meditations on the Stinger
  4099 | D:4      | Identified the +1 ring mail of Awkilobb {Str+3 SInv}
  4181 | D:4      | Noticed Robin
  4186 | D:4      | Killed Robin
  4188 | D:4      | Noticed Menkaure
  4195 | D:4      | Killed Menkaure
  4196 | D:4      | Reached skill level 1 in Armour
  4469 | D:4      | Reached XP level 7. HP: 35/36 MP: 19/19
  4665 | D:5      | Entered Level 5 of the Dungeon
  5126 | D:5      | Reached skill level 10 in Conjurations
  5328 | D:5      | Found a hazy altar of Hepliaklqana.
  5593 | D:5      | Reached XP level 8. HP: 41/41 MP: 17/21
  5598 | D:5      | Learned a level 3 spell: Swiftness
  5601 | D:5      | Learned a level 2 spell: Passwall
  5949 | D:6      | Noticed Prince Ribbit
  5957 | D:6      | Killed Prince Ribbit
  6058 | D:6      | Noticed Dowan
  6063 | D:6      | Killed Dowan
  6100 | D:6      | Noticed Duvessa
  6109 | D:6      | Killed Duvessa
  6258 | D:6      | Reached * piety under Vehumet
  6258 | D:6      | Offered knowledge of Foxfire by Vehumet.
  6487 | D:6      | Reached skill level 15 in Conjurations
  6487 | D:6      | Reached XP level 9. HP: 45/45 MP: 17/22
  6810 | D:6      | Offered knowledge of Scorch by Vehumet.
  6810 | D:6      | Reached ** piety under Vehumet
  7168 | D:7      | Found a basalt altar of Yredelemnul.
  8251 | D:8      | Noticed a gargoyle
  8256 | D:8      | Killed a gargoyle
  8256 | D:8      | Offered knowledge of Mephitic Cloud by Vehumet.
  8313 | D:8      | Learned a level 3 spell: Mephitic Cloud
  8704 | D:8      | Noticed a two-headed ogre
  8711 | D:8      | Killed a two-headed ogre
  8712 | D:8      | Reached XP level 10. HP: 50/50 MP: 12/23
  8864 | D:8      | Reached *** piety under Vehumet
  9272 | D:9      | Offered knowledge of Stone Arrow by Vehumet.
  9361 | D:9      | Learned a level 3 spell: Stone Arrow
  9383 | D:9      | Found a glowing golden altar of the Shining One.
  9383 | D:9      | Found a shimmering altar of Xom.
  9413 | D:9      | Noticed a two-headed ogre
  9420 | D:9      | Killed a two-headed ogre
  9421 | D:9      | Reached skill level 10 in Spellcasting
  9535 | D:9      | Noticed a cyclops
  9548 | D:9      | Killed a cyclops
  9607 | D:9      | Found a staircase to the Lair.
  9937 | D:9      | Identified the +1 leather armour "Emmezol" {-Cast rElec
                  | Int-5 Dex+9}
 10042 | D:9      | Found a glowing silver altar of Zin.
 10123 | D:10     | Entered Level 10 of the Dungeon
 10251 | D:10     | Noticed Urug
 10263 | D:10     | Killed Urug
 10264 | D:10     | Reached skill level 5 in Armour
 10356 | D:10     | Noticed a two-headed ogre
 10363 | D:10     | Killed a two-headed ogre
 10448 | D:10     | Noticed Joseph
 10449 | D:10     | Noticed a two-headed ogre
 10460 | D:10     | Killed a two-headed ogre
 10461 | D:10     | Reached XP level 11. HP: 22/54 MP: 23/27
 10465 | D:10     | Killed Joseph
 10621 | D:10     | Found an ornate altar of the Wu Jian Council.
 10739 | D:10     | Noticed Psyche
 10748 | D:10     | Killed Psyche
 10878 | D:10     | Reached **** piety under Vehumet
 10936 | D:10     | Found a runed translucent door.
 10948 | D:10     | Learned a level 5 spell: Irradiate
 10952 | D:10     | Noticed Garuub's ghost (journeyman GrEE)
 11737 | D:11     | Noticed a two-headed ogre
 11743 | D:11     | Killed a two-headed ogre
 11800 | D:11     | Offered knowledge of Arcjolt by Vehumet.
 11907 | D:11     | Learned a level 5 spell: Arcjolt
 12075 | D:11     | Reached skill level 1 in Fighting
 12480 | D:11     | Found a staircase to the Orcish Mines.
 13056 | D:12     | Noticed Nessos
 13075 | D:12     | Killed Nessos
 13108 | D:12     | Reached XP level 12. HP: 60/67 MP: 21/29
 13204 | D:12     | Reached skill level 5 in Fighting
 13610 | D:12     | Noticed Erolcha
 13616 | D:12     | Killed Erolcha
 14097 | Lair:1   | Entered Level 1 of the Lair of Beasts
 14117 | Lair:1   | Reached skill level 1 in Translocations
 14117 | Lair:1   | Reached skill level 1 in Transmutations
 14117 | Lair:1   | Reached skill level 1 in Air Magic
 14221 | Lair:1   | Found a blossoming altar of Fedhas.
 14222 | Lair:1   | Reached ***** piety under Vehumet
 14272 | Lair:1   | Offered knowledge of Eringya's Noxious Bog by Vehumet.
 14402 | Lair:1   | Found a dark tunnel.
 14410 | Volcano  | Entered a volcano
 14778 | Volcano  | Found a burning altar of Makhleb.
 14862 | Volcano  | Found a bloodstained altar of Trog.
 15219 | Lair:1   | Reached XP level 13. HP: 66/72 MP: 25/33
 15469 | Lair:1   | Reached skill level 5 in Translocations
 15469 | Lair:1   | Reached skill level 5 in Transmutations
 15566 | Lair:2   | Identified the +1 hand axe of Peqe {protect, *Rage rPois
                  | SInv}
 15627 | Lair:2   | You fall into a shaft and drop 1 floor!
 15681 | Lair:2   | Found a staircase to the Snake Pit.
 15691 | Lair:2   | Reached skill level 5 in Air Magic
 15716 | Lair:2   | Found a frozen archway.
 15733 | IceCv    | Entered an ice cave
 16266 | IceCv    | Offered knowledge of Conjure Ball Lightning by Vehumet.
 17108 | Lair:2   | Learned a level 5 spell: Freezing Cloud
 17116 | Lair:2   | Learned a level 6 spell: Conjure Ball Lightning
 17285 | Lair:2   | Found a staircase to the Shoals.
 17568 | Lair:3   | Identified a scroll of acquirement
 17568 | Lair:3   | Acquired the ring "Rokuwn" {Ice rPois Will- MP+9 Int+9}
 17987 | Lair:3   | Reached skill level 15 in Spellcasting
 19241 | Lair:4   | Reached XP level 14. HP: 71/78 MP: 37/37
 19310 | Lair:4   | Offered knowledge of Spellforged Servitor by Vehumet.
 19319 | Lair:4   | Learned a level 7 spell: Spellforged Servitor
 19323 | Lair:4   | Identified the +5 glaive of the Charming Gods {vorpal,
                  | rElec rPois}
 19696 | Lair:5   | Entered Level 5 of the Lair of Beasts
 20115 | Lair:5   | Found a staircase to the Slime Pits.
 20115 | Lair:5   | Found a viscous altar of Jiyva.
 20121 | Lair:5   | HP: 2/78 [death yak[a torpor snail] (3)]
 20122 | Lair:5   | Slain by a death yak

Illustrated notes

Levels and vault maps discovered:
D:1:      ebering_trefoil_twist, layout_loops_corners, st_stairs_2
D:2:      layout_rooms, serial_park_tiny_2, minmay_lizard_pond, uniq_jessica
D:3:      layout_basic, gammafunk_ghost_arena, eino_tiny_chamber
D:4:      layout_loops_corners, led_sif_book, minmay_temple_entry_large_hall,
          serial_forest, infiniplex_forest_straight_2,
          infiniplex_forest_corner_1, infiniplex_forest_clump_double,
          infiniplex_forest_clump_double, infiniplex_forest_zigzag_1,
          infiniplex_forest_clump_small, infiniplex_forest_clump_C,
          infiniplex_forest_straight_4, infiniplex_forest_straight_2,
          infiniplex_forest_zigzag_1, minmay_manual_mail, uniq_menkaure,
          uniq_robin
D:5:      layout_basic, mainiacjoe_overflow_paths, chequers_garden
D:6:      corexii_shantytown, layout_basic, uniq_prince_ribbit1, uniq_duvessa
D:7:      layout_basic, lemuel_doored_altar, roderic_batcave,
          roderic_filled_cross, minivault_1
D:8:      layout_loops_cross, st_stairs_6
D:9:      layout_roguey, zin_treasury, gammafunk_temple_overflow_pools,
          lair_entry_dummy
D:10:     layout_basic, nicolae_overflow_crystal_walls,
          ebering_ghost_reflecting_pool, uniq_joseph, uniq_psyche, uniq_urug
D:11:     layout_basic, david_orc_1_choice, minivault_11
D:12:     layout_basic, uniq_nessos, uniq_erolcha
Temple:   hellmonk_temple_of_storms
Lair:1:   layout_cave_shapes, basic_altar, nicolae_volcano_entry_vermiform,
          lemuel_fruit_tree
Lair:2:   layout_chaotic_city, minmay_shoals_entry_hut,
          minmay_snake_entry_six_corridors, portal_ice_cave_entry_imps
Lair:3:   layout_cave_pods, grunt_megastairs_1
Lair:4:   layout_gridlike
Lair:5:   evil_forest, layout_hall_layers, minmay_slime_entry_pillars,
          serial_bayou_crossing

Skill      XL: |  1  2  3  4  5  6  7  8  9 10 11 12 13 14 |
---------------+-------------------------------------------+-----
Spellcasting   | 4 5 6 7 10 11 14 17 18 | 18.2
Conjurations   | 5 6 7 10 15 18 | 18.0
Armour         | 1 2 6 8 |  8.9
Fighting       | 4 5 |  5.0
Translocations | 4 6 |  6.9
Transmutations | 4 6 |  6.8
Air Magic      | 4 6 |  6.3
Dodging        | |  2.4
Stealth        | |  2.4

Action                   |  1- 3 |  4- 6 |  7- 9 | 10-12 | 13-15 || total
-------------------------+-------+-------+-------+-------+-------++-------
Melee: Unarmed           |     5 |       |       |       |       ||     5
       Lajatang          |     3 |       |       |       |       ||     3
       Whip              |       |     2 |       |       |       ||     2
       Staff             |       |       |       |     3 |    32 ||    35
 Fire: Sling             |       |    66 |   162 |   156 |    82 ||   466
 Cast: Magic Dart        |    47 |       |       |       |       ||    47
       Searing Ray       |     6 |    26 |    44 |       |       ||    76
       Iskenderun's Myst |       |       |    32 |   122 |    91 ||   245
       Stone Arrow       |       |       |       |    80 |    40 ||   120
       Mephitic Cloud    |       |       |       |     3 |       ||     3
       Arcjolt           |       |       |       |       |    31 ||    31
       Freezing Cloud    |       |       |       |       |     8 ||     8
       Irradiate         |       |       |       |       |     3 ||     3
       Conjure Ball Ligh |       |       |       |       |     3 ||     3
Evoke: Wand              |       |       |     1 |    11 |       ||    12
  Use: Scroll            |     5 |     8 |     4 |    12 |     6 ||    35
       Potion            |       |       |       |     4 |       ||     4
Armor: Robe              |     5 |    11 |    20 |       |       ||    36
       Ring mail         |       |       |     1 |    16 |       ||    17
       Troll leather arm |       |       |       |     6 |    15 ||    21
       Scale mail        |       |       |       |       |    59 ||    59
Dodge: Dodged            |    18 |    22 |   110 |   137 |   119 ||   406

Table legend: (Time is in decaauts)
 A = Elapsed time spent in this place.
 B = Non-inter-level travel time spent in this place.
 C = Inter-level travel time spent in this place.
 D = Time resting spent in this place.
 E = Time spent auto-exploring this place.
 F = Levels seen in this place.
 G = Mean time per level.
                   A        B        C        D        E       F      G
               +--------+--------+--------+--------+--------+-----+--------+
         Total |  20342 |  19438 |    904 |   3662 |  12041 |  20 | 1017.1 |
       Dungeon |  14191 |  13592 |    599 |   2608 |   8802 |  12 | 1182.6 |
        Temple |     71 |     51 |     20 |      0 |     22 |   1 |   71.0 |
          Lair |   4557 |   4272 |    285 |    606 |   2758 |   5 |  911.4 |
      Ice Cave |    924 |    924 |      0 |    213 |    367 |   1 |  924.0 |
       Volcano |    596 |    596 |      0 |    235 |     92 |   1 |  596.0 |
               +--------+--------+--------+--------+--------+-----+--------+

Top non-repeatable levels by time:
    D:11: 1568 daAuts
     D:1: 1485 daAuts
    D:10: 1419 daAuts
     D:6: 1257 daAuts
     D:4: 1243 daAuts
  Lair:3: 1239 daAuts
     D:5: 1174 daAuts
     D:8: 1075 daAuts
  Lair:2: 1068 daAuts
     D:7: 1031 daAuts
     D:9: 1031 daAuts
    D:12: 1009 daAuts
     D:3: 983 daAuts
  Lair:1: 961 daAuts
   IceCv: 924 daAuts
